 Dungeon Crawl Stone Soup version 0.30-a0-159-g068b764562 (webtiles) character file.

Game seed: 15906378683446473991

9076 qw the Cleaver (level 11, -8/71 HPs)
             Began as a Gargoyle Fighter on Sept 27, 2022.
             Was a Priest of Okawaru.
             Mangled by a komodo dragon (18 damage)
             ... on level 1 of the Lair of Beasts.
             The game lasted 00:04:09 (9123 turns).

qw the Cleaver (Gargoyle Fighter)                   Turns: 9123, Time: 00:04:10

Health: -8/71      AC: 32    Str: 28    XL:     11   Next: 40%
Magic:  13/14      EV: 10    Int:  8    God:    Okawaru [***...]
Gold:   603        SH: 11    Dex: 13    Spells: 10/10 levels left

rFire   + . .      SeeInvis .    Y - +2 war axe (vorpal)
rCold   + . .      Faith    .    c - +0 buckler
rNeg    + . .      Spirit   .    s - +0 plate armour
rPois   inf        Reflect  +    (no helmet)
rElec   +          Harm     .    u - +2 cloak
rCorr   .          Rampage  .    r - +0 pair of gloves
Will    .....                    i - +0 pair of boots
Stlth   ..........               p - amulet of reflection
HPRegen 0.00/turn                e - ring of the Freezing Coward {rC+ Dex+5}
MPRegen 0.14/turn                l - ring of fire

@: about to teleport, heroic, inhibited regen, unable to read
A: sickness immunity, AC +8, negative energy resistance 1, electricity
resistance, torment resistance 1, petrification resistance, iridescent scales 1,
cold resistance 1, inhibited regeneration, strong 1, inability to read after
injury 1
a: Renounce Religion, Heroism


You were on level 1 of the Lair of Beasts.
You worshipped Okawaru.
Okawaru was most pleased with you.
You visited 3 branches of the dungeon, and saw 12 of its levels.

You collected 672 gold pieces.
You spent 69 gold pieces at shops.


Innate Abilities, Weirdness & Mutations

You are immune to sickness and miasma.
Your stone body is resilient. (AC +8)
You are immune to poison.
You resist negative energy. (rN+)
You are resistant to electric shocks. (rElec)
You are resistant to unholy torment.
You are immune to petrification.
You are partially covered in iridescent scales. (AC +2)
Your flesh is cold resistant. (rC+)
You do not regenerate when monsters are visible.
Your muscles are strong. (Str +4, Int/Dex -1)
You occasionally lose the ability to read scrolls when taking damage.


   Skills:
 - Level 9.1(14.1) Fighting
 + Level 11.5(16.5) Axes
 - Level 2.7(7.7) Throwing
 - Level 8.1(13.1) Armour
 - Level 2.2(7.2) Dodging
 - Level 5.1(10.1) Shields
 - Level 4.0 Invocations


You had 10 spell levels left.
You didn't know any spells.
Your spell library was empty.

Inventory:

Hand Weapons
 t - a +1 flail of draining
 Y - a +2 vorpal war axe (weapon)
Armour
 c - a +0 buckler (worn)
 i - a +0 pair of boots (worn)
 r - a +0 pair of gloves (worn)
 s - a +0 plate armour (worn)
 u - a +2 cloak (worn)
Jewellery
 b - a ring of positive energy
 e - the ring of the Freezing Coward (left hand) {rC+ Dex+5}
   (You acquired it on level 5 of the Dungeon)

   [ring of protection from cold]

   Dex:       It affects your dexterity (+5).
   rC:        It protects you from cold.
 l - a ring of fire (right hand)
 m - a ring of see invisible
 p - an amulet of reflection (around neck)
Scrolls
 a - 3 scrolls of vulnerability {unknown}
 f - 3 scrolls of identify
 j - 2 scrolls of teleportation
Potions
 d - a potion of might
 g - 2 potions of attraction
 h - 3 potions of heal wounds
 k - 2 potions of haste
 n - a potion of lignification
 o - 3 potions of curing

Dungeon Overview and Level Annotations

Branches:
Dungeon (10/15)            Temple (1/1) D:6            Lair (1/5) D:9
    Orc (0/2) D:9

Altars:
Ashenzari
Cheibriados
Dithmenos
Elyvilon
Fedhas
Gozag
Hepliaklqana
Kikubaaqudgha
Okawaru
Sif Muna
Trog
Vehumet
Xom
Yredelemnul
Zin

Shops:
D:1 :=   D:2 !   D:3 *   D:5 =

Annotations:
D:7 1 runed translucent door, qw's ghost, novice GrFi


Message History

Enter note:
Enter note:
9111 ||| INVOKING Heroism.
You gain the combat prowess of a mighty hero.
A komodo dragon comes into view.
You hit the komodo dragon but do no damage.
You hit the plant.
The plant begins to die.
You block the komodo dragon's attack.
You hit the komodo dragon but do no damage.
You slash the plant!
The komodo dragon bites you but does no damage.
You hit the komodo dragon.
The komodo dragon is lightly wounded.
You slash the plant! You slash the komodo dragon!
You hit the komodo dragon but do no damage.
The komodo dragon is moderately wounded.
You slash the plant! You barely miss the komodo dragon.
The komodo dragon bites you. x2
You slash the komodo dragon!
The komodo dragon is severely wounded.
You hit the komodo dragon. You slash the plant!
The komodo dragon hisses menacingly.
The komodo dragon bites you!!
The komodo dragon bites you but does no damage.
You closely miss the komodo dragon.
The komodo dragon is severely wounded.
You slash the komodo dragon! You hit the plant.
A nearby plant withers and dies.
The komodo dragon bites you! The komodo dragon barely misses you.
You slice the komodo dragon!!
You kill the komodo dragon!
Okawaru accepts your kill.
You barely miss the komodo dragon. The komodo dragon bites you!
9123 ||| READING 3 scrolls of teleportation.
As you read the scroll of teleportation, it crumbles to dust.
You feel strangely unstable. The komodo dragon bites you!!
You feel threatened and lose the ability to read scrolls!
You die...

#.. ..# #.# #.# ##.#
####.##
#..####P#...###
##.......##.##.#
#....##.......##
#P..####.##.#.##
##l.## ###P.#..#
#.%@.# ##.#.##
............?...#..#
#...#############.##
##.. #..# #. ##.# #
#.## ##..# #..###
#.#.##.#.####


You could see a komodo dragon.

Vanquished Creatures
  A two-headed ogre (D:7)
  A deep elf pyromancer (D:8)
  2 cane toads (Lair:1)
  A kobold demonologist (D:9)
  A komodo dragon (Lair:1)
  A troll (D:9)
  A blink frog (Lair:1)
  2 shadows (D:9)
  3 wyverns
  A wraith (D:9)
  A basilisk (Lair:1)
  3 steam dragons
  A water moccasin (D:5)
  3 ice beasts
  A sky beast (D:6)
  5 black bears
  3 orc warriors
  3 ogres
  2 centaurs
  6 phantoms
  4 necrophages
  3 kobold brigands
  5 bullfrogs
  2 scorpions (D:5)
  11 wights
  2 troll zombies (D:9)
  11 killer bees (D:9)
  A howler monkey (D:4)
  2 hounds (D:6)
  4 jellies
  5 orc priests
  7 iguanas
  5 orc wizards
  4 ogre zombies (D:9)
  3 gnolls (D:2)
  17 adders
  2 shadow imps
  3 white imps
  A worm (D:4)
  3 dart slugs
  26 orcs
  9 ball pythons
  6 bats
  6 endoplasms
  4 giant cockroaches
  4 goblins
  9 hobgoblins
  3 jackals (D:2)
  24 kobolds
  5 quokkas
  A goblin skeleton (D:9)
  3 goblin zombies (D:9)
  2 hobgoblin skeletons (D:9)
  3 hobgoblin zombies (D:9)
  4 orc skeletons (D:9)
  6 orc zombies (D:9)
  5 rats
257 creatures vanquished.

Vanquished Creatures (others)
  8 fungi
  15 plants
  2 withered plants (D:7)
25 creatures vanquished.

Grand Total: 282 creatures vanquished

Notes
Turn   | Place    | Note
-------+----------+-------------------------------------------
     0 | D:1      | qw the Gargoyle Fighter began the quest for the Orb.
     0 | D:1      | Reached XP level 1. HP: 14/14 MP: 1/1
     0 | D:1      | 0 ||| qw: Version: 0.2-a-10-g37ed214
     0 | D:1      | 0 ||| qw: Game counter: 551
     0 | D:1      | 0 ||| qw: Always use a shield: true
     0 | D:1      | 0 ||| qw: God list: Okawaru
     0 | D:1      | 0 ||| qw: Allow faded altars: false
     0 | D:1      | 0 ||| qw: Do Orc after D:15 true
     0 | D:1      | 0 ||| qw: Do second Lair branch before Depths: true
     0 | D:1      | 0 ||| qw: Lair rune preference: random
     0 | D:1      | 0 ||| qw: Plans: Normal, Zot:1-4, God:TSO, Crypt, Tomb,
                  | Pan, Slime:5, Hells, Abyss, Orb
     0 | D:1      | 0 ||| PLANNING D:1-11
    14 | D:1      | Reached skill level 2 in Axes
    16 | D:1      | Reached XP level 2. HP: 18/19 MP: 2/2
    52 | D:1      | Found a faded altar of an unknown god.
    94 | D:1      | Found Waonek's Book Shop.
   186 | D:1      | 186 ||| DROPPING +0 club.
   335 | D:1      | Found Koaseogo's Jewellery Emporium.
   350 | D:1      | 350 ||| SHOPLISTING amulet of guardian spirit (300 gold,
                  | have 8).
   350 | D:1      | 350 ||| SHOPLISTING amulet of the acrobat (300 gold, have
                  | 8).
   350 | D:1      | 350 ||| SHOPLISTING ring of fire (250 gold, have 8).
   350 | D:1      | 350 ||| SHOPLISTING ring of positive energy (200 gold, have
                  | 8).
   389 | D:1      | Reached skill level 3 in Axes
   443 | D:1      | 443 ||| UPGRADING to +0 pair of boots.
   448 | D:1      | 448 ||| READING scroll labelled JEAZON KOORI.
   449 | D:1      | 449 ||| READING 3 scrolls labelled XUPSAEJAGH.
   450 | D:1      | 450 ||| READING scroll labelled NAOSUR XUNIOMN.
   451 | D:1      | 451 ||| DRINKING 2 murky green potions.
   452 | D:1      | 452 ||| READING 2 scrolls of identify.
   452 | D:1      | 452 ||| IDENTIFYING metallic blue potion
   505 | D:2      | Reached XP level 3. HP: 16/23 MP: 3/3
   671 | D:2      | 671 ||| Stepping ~*~*~tactically~*~*~ (stealth).
   923 | D:2      | Reached XP level 4. HP: 28/28 MP: 4/4
   928 | D:2      | Reached skill level 4 in Axes
  1020 | D:2      | 1020 ||| Stepping ~*~*~tactically~*~*~ (stealth).
  1083 | D:2      | 1083 ||| Stepping ~*~*~tactically~*~*~ (stealth).
  1084 | D:2      | 1084 ||| Stepping ~*~*~tactically~*~*~ (stealth).
  1227 | D:2      | Found Qojilin's Distillery.
  1238 | D:2      | 1238 ||| SHOPLISTING 2 potions of mutation (224 gold, have
                  | 64).
  1238 | D:2      | 1238 ||| BUYING potion of curing (42 gold).
  1238 | D:2      | Bought a potion of curing for 42 gold pieces
  1238 | D:2      | 1238 ||| SHOPLISTING potion of heal wounds (70 gold, have
                  | 22).
  1238 | D:2      | 1238 ||| SHOPLISTING potion of might (56 gold, have 22).
  1238 | D:2      | 1238 ||| SHOPLISTING potion of mutation (112 gold, have
                  | 22).
  1262 | D:2      | 1262 ||| Stepping ~*~*~tactically~*~*~ (stealth).
  1439 | D:2      | Reached XP level 5. HP: 27/32 MP: 5/5
  1528 | D:2      | 1528 ||| DROPPING +0 mace.
  1530 | D:2      | 1530 ||| DROPPING scarf of harm.
  1531 | D:2      | 1531 ||| UPGRADING to amulet of guardian spirit.
  1536 | D:2      | 1536 ||| READING scroll labelled PODOFEBBAES.
  1537 | D:2      | 1537 ||| READING scroll labelled IZICET UDOSU.
  1538 | D:2      | 1538 ||| READING 4 scrolls of identify.
  1538 | D:2      | 1538 ||| IDENTIFYING puce potion
  1539 | D:2      | 1539 ||| READING 3 scrolls of identify.
  1539 | D:2      | 1539 ||| IDENTIFYING inky potion
  1540 | D:2      | 1540 ||| READING 2 scrolls of identify.
  1540 | D:2      | 1540 ||| IDENTIFYING sedimented puce potion
  1541 | D:2      | 1541 ||| DROPPING potion of brilliance.
  1542 | D:2      | 1542 ||| DROPPING potion of invisibility.
  1543 | D:2      | 1543 ||| DROPPING potion of magic.
  1554 | D:3      | Found Xetwafos's Assorted Antiques.
  1594 | D:3      | 1594 ||| SHOPLISTING coral ring (135 gold, have 37).
  1594 | D:3      | 1594 ||| SHOPLISTING potion of haste (270 gold, have 37).
  1594 | D:3      | 1594 ||| SHOPLISTING potion of might (108 gold, have 37).
  1594 | D:3      | 1594 ||| BUYING scroll labelled BUOCOTS JEEZIPP (27 gold).
  1594 | D:3      | Bought a scroll labelled BUOCOTS JEEZIPP for 27 gold pieces
  1727 | D:3      | 1727 ||| Stepping ~*~*~tactically~*~*~ (stealth).
  1733 | D:3      | 1733 ||| Stepping ~*~*~tactically~*~*~ (hiding).
  1743 | D:3      | Reached skill level 5 in Axes
  1805 | D:3      | 1805 ||| Stepping ~*~*~tactically~*~*~ (stealth).
  1842 | D:3      | 1842 ||| Stepping ~*~*~tactically~*~*~ (stealth).
  2168 | D:3      | 2168 ||| READING scroll labelled XIREELU REFA.
  2169 | D:3      | 2169 ||| READING scroll labelled BUOCOTS JEEZIPP.
  2170 | D:3      | 2170 ||| DRINKING 2 smoky orange potions.
  2253 | D:4      | Reached XP level 6. HP: 25/40 MP: 3/6
  2317 | D:4      | 2317 ||| FLEEEEING.
  2318 | D:4      | 2318 ||| FLEEEEING.
  2390 | D:4      | 2390 ||| Stepping ~*~*~tactically~*~*~ (stealth).
  2402 | D:4      | 2402 ||| Stepping ~*~*~tactically~*~*~ (stealth).
  2558 | D:4      | Reached skill level 1 in Dodging
  2584 | D:4      | Found an opulent altar of Gozag.
  2711 | D:4      | HP: 4/40 [acid (7)]
  2712 | D:4      | 2712 ||| DRINKING 3 potions of heal wounds.
  2862 | D:4      | Noticed a black bear
  2872 | D:4      | Killed a black bear
  2873 | D:4      | Reached XP level 7. HP: 40/44 MP: 4/7
  2958 | D:4      | Reached skill level 6 in Axes
  2980 | D:4      | 2980 ||| Stepping ~*~*~tactically~*~*~ (stealth).
  2981 | D:4      | 2981 ||| Stepping ~*~*~tactically~*~*~ (stealth).
  3059 | D:4      | 3059 ||| Stepping ~*~*~tactically~*~*~ (stealth).
  3258 | D:4      | 3258 ||| Stepping ~*~*~tactically~*~*~ (stealth).
  3612 | D:4      | 3612 ||| UPGRADING to +0 cloak.
  3655 | D:5      | Entered Level 5 of the Dungeon
  3750 | D:5      | 3750 ||| FLEEEEING.
  3805 | D:5      | 3805 ||| Stepping ~*~*~tactically~*~*~ (stealth).
  3809 | D:5      | Reached skill level 7 in Axes
  3954 | D:5      | Reached XP level 8. HP: 46/49 MP: 6/8
  4148 | D:5      | Reached skill level 8 in Axes
  4173 | D:5      | 4173 ||| Stepping ~*~*~tactically~*~*~ (stealth).
  4191 | D:5      | 4191 ||| Stepping ~*~*~tactically~*~*~ (hiding).
  4489 | D:5      | 4489 ||| Stepping ~*~*~tactically~*~*~ (stealth).
  4490 | D:5      | 4490 ||| Stepping ~*~*~tactically~*~*~ (stealth).
  4492 | D:5      | 4492 ||| Stepping ~*~*~tactically~*~*~ (stealth).
  4536 | D:5      | 4536 ||| DROPPING +0 flail.
  4653 | D:5      | Found Oku Ozegg's Jewellery Emporium.
  4659 | D:5      | 4659 ||| SHOPLISTING +4 ring of evasion (504 gold, have
                  | 217).
  4659 | D:5      | 4659 ||| SHOPLISTING +6 ring of dexterity (504 gold, have
                  | 217).
  4659 | D:5      | 4659 ||| SHOPLISTING ring "Netixawe" {rCorr Str+6 Int+3
                  | SInv Stlth+} (866 gold, have 217).
  4659 | D:5      | 4659 ||| SHOPLISTING ring of fire (350 gold, have 217).
  4659 | D:5      | 4659 ||| SHOPLISTING ring of ice (350 gold, have 217).
  4659 | D:5      | 4659 ||| SHOPLISTING ring of protection from cold (350
                  | gold, have 217).
  4659 | D:5      | 4659 ||| UPGRADING to +2 helmet.
  4664 | D:5      | 4664 ||| UPGRADING to amulet of reflection.
  4674 | D:5      | 4674 ||| DROPPING amulet of guardian spirit.
  4675 | D:5      | 4675 ||| DROPPING amulet of regeneration.
  4676 | D:5      | 4676 ||| READING scroll labelled UTEOTIUDOAD.
  4677 | D:5      | 4677 ||| READING scroll labelled OTHRUO YQOU.
  4677 | D:5      | Identified a scroll of acquirement
  4677 | D:5      | 4677 ||| ACQUIRING ring of the Freezing Coward {rC+ Dex+5}
  4677 | D:5      | Acquired the ring of the Freezing Coward {rC+ Dex+5}
  4679 | D:5      | 4679 ||| UPGRADING to ring of the Freezing Coward {rC+
                  | Dex+5}.
  4723 | D:6      | 4723 ||| Stepping ~*~*~tactically~*~*~ (stealth).
  4753 | D:6      | Found the +10 dark maul {vorpal}
  4808 | D:6      | Reached skill level 6 in Fighting
  4827 | D:6      | Reached XP level 9. HP: 51/55 MP: 9/9
  4978 | D:6      | Reached skill level 9 in Axes
  4990 | D:6      | Found a bloodstained altar of Trog.
  5272 | D:6      | Found a staircase to the Ecumenical Temple.
  5273 | D:6      | 5273 ||| PLANNING TEMPLE
  5277 | D:6      | 5277 ||| UPGRADING to +0 chain mail.
  5287 | D:6      | 5287 ||| DROPPING +0 scale mail.
  5288 | D:6      | 5288 ||| UPGRADING to +0 plate armour.
  5298 | D:6      | 5298 ||| DROPPING +0 chain mail.
  5299 | D:6      | 5299 ||| UPGRADING to ring of positive energy.
  5300 | D:6      | 5300 ||| DRINKING 2 fuming green potions.
  5300 | D:6      | Gained mutation: You have a pair of small horns on your
                  | head. [potion of mutation]
  5300 | D:6      | Gained mutation: You possess an exceptional clarity of
                  | mind. [potion of mutation]
  5300 | D:6      | Gained mutation: Potions are less effective at restoring
                  | your health. [potion of mutation]
  5300 | D:6      | Gained mutation: Your flesh is cold resistant. (rC+)
                  | [potion of mutation]
  5301 | D:6      | 5301 ||| DROPPING +2 helmet.
  5302 | D:6      | 5302 ||| DRINKING potion of mutation.
  5302 | D:6      | Lost mutation: Potions are less effective at restoring your
                  | health. [potion of mutation]
  5302 | D:6      | Lost mutation: You possess an exceptional clarity of mind.
                  | [potion of mutation]
  5302 | D:6      | Lost mutation: You have a pair of small horns on your head.
                  | [potion of mutation]
  5302 | D:6      | Gained mutation: Your muscles are strong. (Str +4, Int/Dex
                  | -1) [potion of mutation]
  5302 | D:6      | Gained mutation: You occasionally lose the ability to read
                  | scrolls when taking damage. [potion of mutation]
  5302 | D:6      | Gained mutation: You do not regenerate when monsters are
                  | visible. [potion of mutation]
  5302 | D:6      | Gained mutation: You are partially covered in iridescent
                  | scales. (AC +2) [potion of mutation]
  5303 | D:6      | 5303 ||| UPGRADING to ring of fire.
  5310 | Temple   | Entered the Ecumenical Temple
  5314 | Temple   | 5314 ||| PLANNING OKAWARU WORSHIP
  5472 | Temple   | Became a worshipper of Warmaster Okawaru
  5473 | Temple   | 5473 ||| PLANNING D:1-11
  5968 | D:7      | Reached skill level 6 in Armour
  5978 | D:7      | Found a runed translucent door.
  5978 | D:7      | Noticed qw's ghost (novice GrFi)
  6057 | D:7      | 6057 ||| Stepping ~*~*~tactically~*~*~ (hiding).
  6071 | D:7      | 6071 ||| DRINKING 3 potions of curing.
  6071 | D:7      | 6071 ||| (to cure confusion)
  6078 | D:7      | 6078 ||| Stepping ~*~*~tactically~*~*~ (stealth).
  6089 | D:7      | 6089 ||| Stepping ~*~*~tactically~*~*~ (stealth).
  6092 | D:7      | 6092 ||| Stepping ~*~*~tactically~*~*~ (stealth).
  6094 | D:7      | 6094 ||| Stepping ~*~*~tactically~*~*~ (stealth).
  6096 | D:7      | 6096 ||| Stepping ~*~*~tactically~*~*~ (stealth).
  6234 | D:7      | Noticed a two-headed ogre
  6241 | D:7      | Killed a two-headed ogre
  6241 | D:7      | Reached * piety under Okawaru
  6242 | D:7      | Reached skill level 10 in Axes
  6242 | D:7      | Reached XP level 10. HP: 35/63 MP: 10/10
  6242 | D:7      | 6242 ||| INVOKING Heroism.
  6396 | D:7      | 6396 ||| Stepping ~*~*~tactically~*~*~ (hiding).
  6397 | D:7      | 6397 ||| INVOKING Heroism.
  6398 | D:7      | 6398 ||| Stepping ~*~*~tactically~*~*~ (hiding).
  6436 | D:7      | 6436 ||| INVOKING Heroism.
  6523 | D:7      | Reached skill level 1 in Invocations
  6709 | D:7      | 6709 ||| READING scroll labelled TYEMOUMNUFO.
  6743 | D:8      | Found a flagged portal.
  6787 | D:8      | 6787 ||| FLEEEEING.
  6788 | D:8      | 6788 ||| INVOKING Heroism.
  6976 | D:8      | 6976 ||| INVOKING Heroism.
  7026 | D:8      | Noticed a deep elf pyromancer
  7027 | D:8      | 7027 ||| INVOKING Heroism.
  7037 | D:8      | Killed a deep elf pyromancer
  7038 | D:8      | Reached skill level 3 in Invocations
  7124 | D:8      | Found a hazy altar of Hepliaklqana.
  7178 | D:8      | 7178 ||| INVOKING Heroism.
  7314 | D:8      | 7314 ||| Stepping ~*~*~tactically~*~*~ (stealth).
  7316 | D:8      | 7316 ||| INVOKING Heroism.
  7326 | D:8      | 7326 ||| Stepping ~*~*~tactically~*~*~ (stealth).
  7333 | D:8      | 7333 ||| Stepping ~*~*~tactically~*~*~ (stealth).
  7334 | D:8      | 7334 ||| Stepping ~*~*~tactically~*~*~ (stealth).
  7337 | D:8      | 7337 ||| Stepping ~*~*~tactically~*~*~ (stealth).
  7338 | D:8      | 7338 ||| Stepping ~*~*~tactically~*~*~ (stealth).
  7377 | D:8      | You fall into a shaft and drop 2 floors!
  7377 | D:10     | Entered Level 10 of the Dungeon
  7409 | D:10     | 7409 ||| READING scroll labelled JOTTUCK TODYE.
  7474 | D:8      | 7474 ||| INVOKING Heroism.
  7482 | D:8      | Reached ** piety under Okawaru
  7786 | D:9      | 7786 ||| INVOKING Heroism.
  7787 | D:9      | 7787 ||| Stepping ~*~*~tactically~*~*~ (stealth).
  7791 | D:9      | 7791 ||| Stepping ~*~*~tactically~*~*~ (stealth).
  7793 | D:9      | 7793 ||| Stepping ~*~*~tactically~*~*~ (stealth).
  7795 | D:9      | 7795 ||| Stepping ~*~*~tactically~*~*~ (stealth).
  7876 | D:9      | 7876 ||| Stepping ~*~*~tactically~*~*~ (hiding).
  7881 | D:9      | 7881 ||| INVOKING Heroism.
  7886 | D:9      | 7886 ||| Stepping ~*~*~tactically~*~*~ (stealth).
  7901 | D:9      | 7901 ||| Stepping ~*~*~tactically~*~*~ (stealth).
  7918 | D:9      | 7918 ||| Stepping ~*~*~tactically~*~*~ (stealth).
  7925 | D:9      | 7925 ||| Stepping ~*~*~tactically~*~*~ (stealth).
  7957 | D:9      | 7957 ||| Stepping ~*~*~tactically~*~*~ (stealth).
  7963 | D:9      | 7963 ||| Stepping ~*~*~tactically~*~*~ (stealth).
  7964 | D:9      | 7964 ||| Stepping ~*~*~tactically~*~*~ (stealth).
  7975 | D:9      | 7975 ||| Stepping ~*~*~tactically~*~*~ (stealth).
  7976 | D:9      | Found a staircase to the Orcish Mines.
  8007 | D:9      | Noticed a kobold demonologist
  8016 | D:9      | 8016 ||| INVOKING Heroism.
  8018 | D:9      | Killed a kobold demonologist
  8019 | D:9      | Reached skill level 11 in Axes
  8138 | D:9      | 8138 ||| Stepping ~*~*~tactically~*~*~ (stealth).
  8139 | D:9      | 8139 ||| INVOKING Heroism.
  8141 | D:9      | Reached XP level 11. HP: 69/69 MP: 11/14
  8148 | D:9      | Reached *** piety under Okawaru
  8165 | D:9      | Reached skill level 9 in Fighting
  8316 | D:9      | 8316 ||| Stepping ~*~*~tactically~*~*~ (stealth).
  8318 | D:9      | 8318 ||| INVOKING Heroism.
  8320 | D:9      | 8320 ||| Stepping ~*~*~tactically~*~*~ (stealth).
  8333 | D:9      | 8333 ||| Stepping ~*~*~tactically~*~*~ (stealth).
  8334 | D:9      | 8334 ||| INVOKING Heroism.
  8336 | D:9      | 8336 ||| Stepping ~*~*~tactically~*~*~ (hiding).
  8353 | D:9      | 8353 ||| INVOKING Heroism.
  8484 | D:9      | Found a staircase to the Lair.
  8581 | D:9      | 8581 ||| READING scroll of enchant weapon.
  8581 | D:9      | 8581 ||| ENCHANTING +1 vorpal war axe.
  8602 | D:9      | 8602 ||| INVOKING Heroism.
  8869 | D:9      | 8869 ||| PLANNING LAIR
  8869 | D:9      | 8869 ||| UPGRADING to +0 pair of gloves.
  8874 | D:9      | 8874 ||| UPGRADING to +2 cloak.
  8884 | D:9      | 8884 ||| DROPPING +0 cloak.
  8885 | D:9      | 8885 ||| READING 5 scrolls of identify.
  8885 | D:9      | 8885 ||| IDENTIFYING amethyst potion
  8886 | D:9      | 8886 ||| READING 4 scrolls of identify.
  8886 | D:9      | 8886 ||| IDENTIFYING black potion
  8887 | D:9      | 8887 ||| READING 3 scrolls of identify.
  8887 | D:9      | 8887 ||| IDENTIFYING green potion
  8888 | D:9      | 8888 ||| DROPPING potion of ambrosia.
  8889 | D:9      | 8889 ||| DROPPING potion of degeneration.
  8908 | Lair:1   | Entered Level 1 of the Lair of Beasts
  8957 | Lair:1   | 8957 ||| Stepping ~*~*~tactically~*~*~ (stealth).
  8963 | Lair:1   | 8963 ||| INVOKING Heroism.
  8993 | Lair:1   | 8993 ||| INVOKING Heroism.
  9111 | Lair:1   | 9111 ||| INVOKING Heroism.
  9122 | Lair:1   | HP: 10/71 [komodo dragon (13)]
  9123 | Lair:1   | 9123 ||| READING 3 scrolls of teleportation.
  9123 | Lair:1   | Mangled by a komodo dragon

Levels and vault maps discovered:
D:1:      minmay_arrival_semitransparent, layout_rooms,
          shapermc_ecumenical_altar_mp_vishouse, serial_shops,
          nicolae_shop_statue_plus, shop
D:2:      minmay_spotlight, layout_basic, serial_shops, nicolae_shop_waterfront,
          dk_vineyard_2
D:3:      layout_rooms, serial_shops, nicolae_shop_overgrown_old_shop
D:4:      layout_basic, grunt_gozag_breadcrumbs
D:5:      layout_basic, serial_shops, kennysheep_little_box, minmay_diced_spiral
D:6:      layout_cave_pods, trog_ov_bears_minmay, minmay_temple_entry_fiery
D:7:      layout_cave_pools, gammafunk_ghost_grave, corexii_checkpoint_b,
          grunt_ministairs_5, st_stairs_12
D:8:      layout_basic, lemuel_tele_altar, enter_bailey_6
D:9:      layout_small_grid, dpeg_oklobed_lair, zombieorc1_lemuel,
          kennysheep_generic_room_8
D:10:     layout_irregular_city, lemuel_coloured_pillars_altar,
          tso_oasis_becter, grunt_temple_overflow_diamond,
          gammafunk_temple_overflow_statue, ebering_ghost_inner_flame,
          uniq_josephine, uniq_sonja
Temple:   hellmonk_temple_flake
Lair:1:   layout_loops_ring, beast_lair_carwin_1, infiniplex_staircase_pool_2,
          grunt_megastairs_5

Skill      XL: |  1  2  3  4  5  6  7  8  9 10 11 |
---------------+----------------------------------+-----
Axes           | 2 3 4 5 7 8 10 11 | 11.5
Fighting       | 4 5 6 7 8 9 |  9.1
Dodging        | 1 2 |  2.2
Throwing       | 2 |  2.7
Shields        | 4 5 |  5.1
Armour         | 6 7 8 |  8.1
Invocations    | 4 |  4.0

Action                   |  1- 3 |  4- 6 |  7- 9 | 10-12 || total
-------------------------+-------+-------+-------+-------++-------
Melee: War axe           |    62 |   187 |   260 |   302 ||   811
Throw: Boomerang         |       |       |    49 |    27 ||    76
Invok: Heroism           |       |       |       |    20 ||    20
  Use: Scroll            |     4 |     7 |     2 |     7 ||    20
       Potion            |     1 |     2 |     3 |       ||     6
Armor: Scale mail        |    51 |   104 |   126 |       ||   281
       Plate armour      |       |       |    14 |   106 ||   120
Dodge: Dodged            |    35 |    91 |    96 |    79 ||   301
Block: Buckler           |    14 |    32 |    91 |   119 ||   256
       Reflection        |       |       |     1 |    12 ||    13

Table legend:
 A = Non-vault XP
 B = Vault XP
 C = Vault XP percentage of total XP
 D = Non-vault monster count
 E = Vault monster count
 F = Vault count percentage of total count
                 A         B        C        D         E       F
            +---------+---------+-------+---------+---------+-------
      Total |   10757 |    2210 |  17.0 |     211 |      45 |  17.6
            +---------+---------+-------+---------+---------+-------
        D:1 |      30 |       0 |   0.0 |      15 |       0 |   0.0
        D:2 |     126 |      32 |  20.3 |      27 |       5 |  15.6
        D:3 |      78 |       0 |   0.0 |      18 |       0 |   0.0
        D:4 |     621 |       0 |   0.0 |      25 |       0 |   0.0
        D:5 |     773 |     134 |  14.8 |      18 |       2 |  10.0
        D:6 |    1211 |     254 |  17.3 |      16 |       2 |  11.1
        D:7 |    1825 |     334 |  15.5 |      22 |       5 |  18.5
        D:8 |    2317 |       0 |   0.0 |      28 |       0 |   0.0
        D:9 |    2477 |    1101 |  30.8 |      38 |      30 |  44.1
     Lair:1 |    1299 |     355 |  21.5 |       4 |       1 |  20.0
            +---------+---------+-------+---------+---------+-------
